 Dungeon Crawl Stone Soup version 0.27.1-2-g3b301248ec (webtiles) character file.

Game seed: 16616847747638839080

228 Urokeeper the Covert (level 5, -1/38 HPs)
             Began as a Vampire Brigand on Sept 24, 2021.
             Slain by an ufetubus (3 damage)
             ... on level 4 of the Dungeon.
             The game lasted 00:11:30 (2374 turns).

Urokeeper the Covert (Vampire Brigand)              Turns: 2374, Time: 00:11:31

Health: -1/38      AC:  6    Str:  8 (11) XL:     5   Next: 71%
Magic:  5/5        EV: 10    Int: 13 (14) God:
Gold:   172        SH:  0    Dex: 12 (15) Spells: 4/4 levels left

rFire    . . .     SeeInvis +   q - +2 dagger (vamp)
rCold    . . .     Faith    .   (no shield)
rNeg     . . .     Spirit   .   l - +0 ring mail
rPois    .         Reflect  .   (no helmet)
rElec    .         Harm     .   c - +0 cloak
rCorr    .         Rampage  .   (no gloves)
Will     .....                  (no boots)
Stlth    +++.......             (no amulet)
HPRegen  0.32/turn              (no ring)
MPRegen  0.09/turn              (no ring)

@: mighty, healing quickly
A: alive, fangs 3, see invisible, vampiric 2
a: Exsanguinate


You were on level 4 of the Dungeon.
You visited 1 branch of the dungeon, and saw 4 of its levels.

You collected 172 gold pieces.

Inventory:

Hand Weapons
 a - a +2 dagger
 g - a +1 dagger of venom
 q - a +2 vampiric dagger (weapon)
Missiles
 d - 18 poisoned darts (quivered)
 e - 2 curare-tipped darts
 t - 6 boomerangs
Armour
 b - a +0 robe
 c - a +0 cloak (worn)
 i - a +0 scale mail
 l - a +0 ring mail (worn)
Jewellery
 k - an amulet of faith
Wands
 p - a wand of mindburst (13)
Scrolls
 h - a scroll of immolation
 m - 2 scrolls of noise
 r - a scroll of enchant weapon {unknown}
 s - a scroll of silence
Potions
 f - a potion of flight
 n - a potion of degeneration
 o - a potion of might


   Skills:
 + Level 2.1 Fighting
 + Level 3.8 Short Blades
 + Level 1.7 Throwing
 + Level 1.4 Armour
 + Level 2.3 Dodging
 + Level 8.1 Stealth


You had 4 spell levels left.
You didn't know any spells.
Your spell library contained the following spells:

 Spells                   Type           Power      Damage    Failure   Level
 Corpse Rot               Necr/Air       N/A        N/A       80%         2
 Poisonous Vapours        Pois/Air       0%         N/A       80%         2
 Animate Dead             Necr           0%         N/A       100%        4
 Borgnjor's Vile Clutch   Necr/Erth      0%         N/A       100%        5
 Freezing Cloud           Conj/Ice/Air   0%         6-21      100%        5
 Death Channel            Necr           0%         N/A       100%        6


Dungeon Overview and Level Annotations

Branches:
Dungeon (4/15)
 Temple: D:4-7

Altars:
Gozag
Nemelex Xobeh
Sif Muna
Yredelemnul
The Shining One


Innate Abilities, Weirdness & Mutations

Your natural rate of healing is accelerated.
You have razor-sharp teeth.
You have supernaturally acute eyesight. (SInv)
You are afflicted with vampirism and can become a bat while bloodless.


Message History

The howler monkey hoots and howls with incredible vigour!
You hear a shout!
The ufetubus misses you. The ufetubus hits you.
The adder bites you but does no damage.
As you read the scroll of fog, it crumbles to dust.
The scroll dissolves into smoke.
The ufetubus closely misses you. x2
The goblin hits you but does no damage. The hound skeleton closely misses you.
The adder bites you.
* * * LOW HITPOINT WARNING * * *
You are poisoned.
The adder poisons you! The ufetubus barely misses you.
The ufetubus closely misses you.
You feel sick. The ufetubus barely misses you. The ufetubus closely misses you.
You feel sick. The goblin closely misses you. The ufetubus barely misses you.
The ufetubus hits you.
* * * LOW HITPOINT WARNING * * *
The worm bites you.
* * * LOW HITPOINT WARNING * * *
You see here a scroll labelled CUEBAE CUREOS.
You feel sick. The ufetubus closely misses you. The ufetubus barely misses you.
You open the door.
You feel sick.
You are no longer poisoned.
The ufetubus closely misses you.
The ufetubus hits you but does no damage.
The goblin barely misses you. The ufetubus closely misses you.
The ufetubus completely misses you.
The howler monkey hoots and howls with incredible vigour!
You hear a shout!
Found 13 poisoned darts and a scale mail.
It was a potion of degeneration.
There was something very wrong with that liquid.
You feel weakened.
You feel dopey.
You feel clumsy.
The ufetubus hits you but does no damage.
The ufetubus closely misses you. The goblin closely misses you.
The howler monkey hits you.
* * * LOW HITPOINT WARNING * * *
It was a potion of might.
You feel very mighty all of a sudden. The ufetubus hits you.
You die...

..... ........ .... .
........ .( #.. #.
#............##.. #[(
##................ ....
#................. .....
#.o......##...##..
......#.hZ.....##...##..
......'@gw§§............
#.....##5S§§h...........
####+ #Sg§§g...........
........§§§...##...##..
........§##...########+
.........##...#
...............#
...............+
............^..#


You could see a worm, a howler monkey (catching breath), 2 adders, an orc, an
ufetubus, 2 goblins and a hound skeleton.

Vanquished Creatures
  An orc priest (D:3)
  Ijyb (D:3)
  5 adders (D:3)
  3 gnolls (D:3)
  A worm (D:2)
  4 dart slugs (D:1)
  3 orcs (D:3)
  5 ball pythons
  8 endoplasms
  13 giant cockroaches
  6 goblins
  9 hobgoblins
  2 jackals (D:1)
  2 quokkas
  7 bats
  3 frilled lizards
  4 kobolds
  5 rats
82 creatures vanquished.

Notes
Turn   | Place    | Note
-------+----------+-------------------------------------------
     0 | D:1      | Urokeeper the Vampire Brigand began the quest for the Orb.
     0 | D:1      | Reached XP level 1. HP: 16/16 MP: 1/1
    15 | D:1      | Reached skill level 6 in Stealth
    60 | D:1      | Reached XP level 2. HP: 22/22 MP: 2/2
   576 | D:1      | Reached skill level 7 in Stealth
   587 | D:1      | Gained mutation: You are afflicted with vampirism and can
                  | become a bat while bloodless. [Vampire growth]
   587 | D:1      | Reached XP level 3. HP: 24/27 MP: 3/3
  1004 | D:2      | Found a faded altar of an unknown god.
  1088 | D:2      | Found a sparkling altar of Nemelex Xobeh.
  1298 | D:2      | Reached XP level 4. HP: 31/33 MP: 4/4
  1375 | D:2      | You fall into a shaft and drop 2 floors!
  1535 | D:3      | Noticed Ijyb
  1548 | D:3      | Killed Ijyb
  1549 | D:3      | Reached skill level 1 in Armour
  1549 | D:3      | Reached XP level 5. HP: 4/38 MP: 5/5
  1823 | D:3      | Found a shimmering blue altar of Sif Muna.
  1833 | D:3      | Reached skill level 8 in Stealth
  1848 | D:3      | Found a basalt altar of Yredelemnul.
  1851 | D:3      | Found an opulent altar of Gozag.
  1853 | D:3      | Found a faded altar of an unknown god.
  2374 | D:4      | Slain by an ufetubus

Illustrated notes

Levels and vault maps discovered:
D:1:      minmay_arrival_arboretum_large, layout_basic, minmay_split_cup_small
D:2:      minmay_roachtagon, layout_basic, basic_altar,
          ebering_ecumenical_altar_hall
D:3:      layout_rooms, chequers_temple_overflow_minitemple, uniq_ijyb
D:4:      layout_gridville, gammafunk_temple_overflow_claw,
          minmay_temple_entry_poolview, grunt_ministairs_7, uniq_sigmund

Skill      XL: |  1  2  3  4  5 |
---------------+----------------+-----
Stealth        | 6 7 8 |  8.1
Dodging        | 2 |  2.3
Short Blades   | 3 |  3.8
Fighting       | 2 |  2.1
Armour         | 1 |  1.4
Throwing       | |  1.7

Action                   |  1- 3 |  4- 6 || total
-------------------------+-------+-------++-------
Melee: Dagger            |   148 |   137 ||   285
       Bite              |    14 |     6 ||    20
Throw: Dart              |       |     6 ||     6
  Use: Scroll            |     4 |     4 ||     8
       Potion            |       |     6 ||     6
 Stab: Sleeping          |    10 |     5 ||    15
Armor: Robe              |    13 |       ||    13
       Ring mail         |    30 |    52 ||    82
Dodge: Dodged            |    79 |   104 ||   183
